3L
GREENVILLE 84S @ CHICAGO HAWKS
09/17/2031
 
TOP OF THE 1ST
Greenville 84s batting - Pitching for Chicago Hawks : RHP Lucas Begay
Pitching: RHP Lucas Begay
Batting: SHB Wilbert Carter 0-0: Ball
1-0: Ground out 6-3 (Groundball, 56D)
Batting: SHB Jorge Barrios 0-0: Foul Ball, location: 2F
0-1: Ball
1-1: Called Strike
1-2: Ball
2-2: Ball
3-2: Base on Balls
Batting: RHB Thom Beach 0-0: Ball
1-0: Ball
2-0: Grounds into double play, 6-4-3 (Groundball, 6)
Top of the 1st over - 0 runs, 0 hits, 0 errors, 0 left on base; Greenville 0 - Chicago 0
BOTTOM OF THE 1ST
Chicago Hawks batting - Pitching for Greenville 84s : LHP Coy Broderick
Pitching: LHP Coy Broderick
Batting: RHB Jorge Salgado 0-0: Ball
1-0: Ball
2-0: Foul Ball, location: 2F
2-1: Foul Ball, location: 2F
2-2: Foul Ball, location: 2F
2-2: Ball
3-2: Foul Ball, location: 2F
3-2: Foul Ball, location: 2F
3-2: Ground out 4-3 (Groundball, 4)
Batting: LHB Scott Janousek 0-0: Fly out, F6 (Popup, 6)
Batting: LHB Jeff Simpson 0-0: Called Strike
0-1: Ground out 4-3 (Groundball, 4)
Bottom of the 1st over - 0 runs, 0 hits, 0 errors, 0 left on base; Greenville 0 - Chicago 0
TOP OF THE 2ND
Greenville 84s batting - Pitching for Chicago Hawks : RHP Lucas Begay
Batting: LHB Qi-zhen Loong 0-0: Ball
1-0: Ball
2-0: Swinging Strike
2-1: Foul Ball, location: 2F
2-2: Ball
3-2: SINGLE (Groundball, 4MD)
Batting: RHB Rodrigo Lugo 0-0: Ball
1-0: Foul Ball, location: 2F
1-1: Ball
2-1: Foul Ball, location: 2F
2-2: Strikes out swinging
Batting: SHB Carlos Rodríguez 0-0: Called Strike
0-1: Foul Ball, location: 2F
0-2: Ball
1-2: Foul Ball, location: 2F
1-2: Grounds into double play, 4-6-3 (Groundball, 4)
Top of the 2nd over - 0 runs, 1 hit, 0 errors, 0 left on base; Greenville 0 - Chicago 0
BOTTOM OF THE 2ND
Chicago Hawks batting - Pitching for Greenville 84s : LHP Coy Broderick
Batting: RHB Kumanosuke Asano 0-0: Called Strike
0-1: Foul Ball, location: 2F
0-2: Ball
1-2: Foul Ball, location: 2F
1-2: Ball
2-2: Fly out, F7 (Flyball, 78XD)
Batting: RHB Jack Bonner 0-0: Called Strike
0-1: Ball
1-1: Called Strike
1-2: Strikes out swinging, 2-3 out at first.
Batting: RHB Cam MacIntosh 0-0: SINGLE (Line Drive, 6D)
Batting: RHB Lane McCool 0-0: Ball
1-0: Foul Ball, location: 2F
1-1: Called Strike
1-2: Strikes out looking
Bottom of the 2nd over - 0 runs, 1 hit, 0 errors, 1 left on base; Greenville 0 - Chicago 0
TOP OF THE 3RD
Greenville 84s batting - Pitching for Chicago Hawks : RHP Lucas Begay
Batting: RHB Reece Cockin 0-0: Ball
1-0: Ball
2-0: Foul Ball, location: 2F
2-1: Foul Ball, location: 2F
2-2: Fly out, F8 (Flyball, 8RD)
Batting: LHB Albert González 0-0: Ball
1-0: Swinging Strike
1-1: Foul Ball, location: 2F
1-2: Strikes out swinging
Batting: RHB Bobby Christopher 0-0: Called Strike
0-1: Swinging Strike
0-2: Ball
1-2: SINGLE (Groundball, 6MD)
Batting: SHB Wilbert Carter 0-0: Ground out 4-3 (Groundball, 4)
Top of the 3rd over - 0 runs, 1 hit, 0 errors, 1 left on base; Greenville 0 - Chicago 0
BOTTOM OF THE 3RD
Chicago Hawks batting - Pitching for Greenville 84s : LHP Coy Broderick
Batting: RHB Reg Spiers 0-0: Ball
1-0: Called Strike
1-1: Ball
2-1: Fly out, F9 (Line Drive, 89S)
Batting: RHB Tevin McTevin 0-0: Foul Ball, location: 2F
0-1: Ball
1-1: Called Strike
1-2: Strikes out looking
Batting: RHB Jorge Salgado 0-0: Foul Ball, location: 2F
0-1: Ball
1-1: SINGLE (Groundball, 34D)
Batting: LHB Scott Janousek 0-0: Ball
1-0: Ball
2-0: Foul Ball, location: 2F
2-1: Called Strike
2-2: Strikes out looking
Bottom of the 3rd over - 0 runs, 1 hit, 0 errors, 1 left on base; Greenville 0 - Chicago 0
TOP OF THE 4TH
Greenville 84s batting - Pitching for Chicago Hawks : RHP Lucas Begay
Batting: SHB Jorge Barrios 0-0: Bunt for hit - play at first, batter safe!
Batting: RHB Thom Beach 0-0: Ball
1-0: Called Strike
1-1: Ball
2-1: Called Strike
2-2: Ball
3-2: Ground out 5-3 (Groundball, 5S)
Jorge Barrios to second
Batting: LHB Qi-zhen Loong 0-0: Called Strike
0-1: Foul Ball, location: 2F
0-2: Ball
1-2: Ball
2-2: Strikes out swinging
Batting: RHB Rodrigo Lugo 0-0: Ball
1-0: Called Strike
1-1: Foul Ball, location: 2F
1-2: Ball
2-2: Strikes out looking
Top of the 4th over - 0 runs, 1 hit, 0 errors, 1 left on base; Greenville 0 - Chicago 0
BOTTOM OF THE 4TH
Chicago Hawks batting - Pitching for Greenville 84s : LHP Coy Broderick
Batting: LHB Jeff Simpson 0-0: Called Strike
0-1: SINGLE (Groundball, 3D)
Batting: RHB Kumanosuke Asano 0-0: Called Strike
0-1: Called Strike
Jeff Simpson steals 2nd base
0-2: Foul Ball, location: 2F
0-2: Ball
1-2: Ball
2-2: Foul Ball, location: 2F
2-2: Foul Ball, location: 2F
2-2: Foul Ball, location: 2F
2-2: Strikes out swinging
Batting: RHB Jack Bonner 0-0: Ball
1-0: Called Strike
1-1: Called Strike
1-2: Strikes out swinging
Batting: RHB Cam MacIntosh 0-0: Ball
1-0: Ball
2-0: Ball
3-0: Called Strike
3-1: Base on Balls
Batting: RHB Lane McCool 0-0: Called Strike
0-1: Ball
1-1: Fly out, F6 (Line Drive, 6)
Bottom of the 4th over - 0 runs, 1 hit, 0 errors, 2 left on base; Greenville 0 - Chicago 0
TOP OF THE 5TH
Greenville 84s batting - Pitching for Chicago Hawks : RHP Lucas Begay
Batting: SHB Carlos Rodríguez 0-0: Ball
1-0: Ball
2-0: Ball
3-0: Base on Balls
Batting: RHB Reece Cockin 0-0: Sac Bunt - play at first, batter OUT! 3-4
Carlos Rodríguez to second
Batting: LHB Albert González 0-0: Ball
1-0: Ground out 5-3 (Groundball, 5L)
Batting: RHB Bobby Christopher 0-0: Ground out 5-3 (Groundball, 56)
Top of the 5th over - 0 runs, 0 hits, 0 errors, 1 left on base; Greenville 0 - Chicago 0
BOTTOM OF THE 5TH
Chicago Hawks batting - Pitching for Greenville 84s : LHP Coy Broderick
Batting: RHB Reg Spiers 0-0: Called Strike
0-1: Foul Ball, location: 2F
0-2: Ball
1-2: Foul Ball, location: 2F
1-2: Ground out 6-3 (Groundball, 6)
Batting: RHB Tevin McTevin 0-0: Ball
1-0: Foul Ball, location: 2F
1-1: Swinging Strike
1-2: Foul Ball, location: 2F
1-2: Ball
2-2: Ball
3-2: Foul Ball, location: 2F
3-2: Strikes out swinging
Batting: RHB Jorge Salgado 0-0: Foul Ball, location: 2F
0-1: Ball
1-1: Swinging Strike
1-2: Ball
2-2: Foul Ball, location: 2F
2-2: Ball
3-2: Fly out, F9 (Line Drive, 9)
Bottom of the 5th over - 0 runs, 0 hits, 0 errors, 0 left on base; Greenville 0 - Chicago 0
TOP OF THE 6TH
Greenville 84s batting - Pitching for Chicago Hawks : RHP Lucas Begay
Batting: SHB Wilbert Carter 0-0: Ball
1-0: Foul Ball, location: 2F
1-1: Fly out, F2 (Popup, 23F)
Batting: SHB Jorge Barrios 0-0: SINGLE (Groundball, 34S) (infield hit)
Batting: RHB Thom Beach 0-0: Called Strike
0-1: Called Strike
0-2: Fielders Choice at 2nd, 3-6 (Groundball, 34)
Batting: LHB Qi-zhen Loong 0-0: Foul Ball, location: 2F
0-1: Ball
1-1: Ball
2-1: Ball
3-1: Swinging Strike
3-2: Ground out 4-3 (Groundball, 34)
Top of the 6th over - 0 runs, 1 hit, 0 errors, 1 left on base; Greenville 0 - Chicago 0
BOTTOM OF THE 6TH
Chicago Hawks batting - Pitching for Greenville 84s : LHP Coy Broderick
Pitching: LHP Manuel Rodríguez
Batting: LHB Scott Janousek 0-0: Ball
1-0: Ball
2-0: Foul Ball, location: 2F
2-1: Ball
3-1: Base on Balls
Batting: LHB Jeff Simpson 0-0: Swinging Strike
0-1: Ball
1-1: Grounds into double play, 4-6-3 (Groundball, 4)
Batting: RHB Kumanosuke Asano 0-0: Ball
1-0: Ball
2-0: Called Strike
2-1: Called Strike
2-2: SOLO HOME RUN (Line Drive, 89XD), Distance : 387 ft
Batting: RHB Jack Bonner 0-0: Called Strike
0-1: Foul Ball, location: 2F
0-2: DOUBLE (Flyball, 8LXD)
Batting: RHB Cam MacIntosh 0-0: Ball
1-0: Ground out 4-3 (Groundball, 4M)
Bottom of the 6th over - 1 run, 2 hits, 0 errors, 1 left on base; Greenville 0 - Chicago 1
TOP OF THE 7TH
Greenville 84s batting - Pitching for Chicago Hawks : RHP Lucas Begay
Batting: RHB Rodrigo Lugo 0-0: Foul Ball, location: 2F
0-1: Ball
1-1: Swinging Strike
1-2: Ball
2-2: Ball
3-2: Fly out, F7 (Flyball, 78XD)
Batting: SHB Carlos Rodríguez 0-0: Ball
1-0: Called Strike
1-1: Foul Ball, location: 2F
1-2: Strikes out swinging
Batting: RHB Reece Cockin 0-0: Ball
1-0: Ball
2-0: Foul Ball, location: 2F
2-1: Ball
3-1: Ground out 6-3 (Groundball, 6)
Top of the 7th over - 0 runs, 0 hits, 0 errors, 0 left on base; Greenville 0 - Chicago 1
BOTTOM OF THE 7TH
Chicago Hawks batting - Pitching for Greenville 84s : LHP Manuel Rodríguez
Batting: RHB Lane McCool 0-0: Fly out, F7 (Flyball, 7S)
Batting: RHB Reg Spiers 0-0: Called Strike
0-1: Ball
1-1: Swinging Strike
1-2: Foul Ball, location: 2F
1-2: Fly out, F4 (Popup, 34D)
Batting: RHB Tevin McTevin 0-0: Ball
1-0: Fly out, F8 (Flyball, 8LS)
Bottom of the 7th over - 0 runs, 0 hits, 0 errors, 0 left on base; Greenville 0 - Chicago 1
TOP OF THE 8TH
Greenville 84s batting - Pitching for Chicago Hawks : RHP Lucas Begay
Pitching: RHP Carlos Garza
Batting: LHB Albert González 0-0: Ball
1-0: Called Strike
1-1: Swinging Strike
1-2: Ball
2-2: Ball
3-2: SINGLE (Flyball, 78S)
Batting: RHB Bobby Christopher 0-0: Swinging Strike
0-1: Foul Ball, location: 2F
0-2: Ball
1-2: Strikes out swinging
Batting: SHB Wilbert Carter 0-0: Ball
1-0: Foul Ball, location: 2F
1-1: Ground out 3-1 (Groundball, 34)
Albert González to second
Batting: SHB Jorge Barrios 0-0: Ball
1-0: Swinging Strike
1-1: Ball
2-1: Ball
3-1: Base on Balls
Batting: RHB Thom Beach 0-0: Ground out 5-3 (Groundball, 56S)
Top of the 8th over - 0 runs, 1 hit, 0 errors, 2 left on base; Greenville 0 - Chicago 1
BOTTOM OF THE 8TH
Chicago Hawks batting - Pitching for Greenville 84s : LHP Manuel Rodríguez
Batting: RHB Jorge Salgado 0-0: Ball
1-0: Foul Ball, location: 2F
1-1: Swinging Strike
1-2: Ball
2-2: Fly out, F8 (Flyball, 78D)
Batting: LHB Scott Janousek 0-0: Ball
1-0: Ball
2-0: Ball
3-0: Base on Balls
Batting: LHB Jeff Simpson 0-0: Ball
Scott Janousek steals 2nd base
1-0: Swinging Strike
1-1: Swinging Strike
1-2: Foul Ball, location: 2F
1-2: Strikes out swinging
Batting: RHB Kumanosuke Asano 0-0: Called Strike
0-1: SINGLE (Line Drive, 78M)
Scott Janousek to third
Runner from 3rd tries for Home, throw and OUT!
Bottom of the 8th over - 0 runs, 1 hit, 0 errors, 1 left on base; Greenville 0 - Chicago 1
TOP OF THE 9TH
Greenville 84s batting - Pitching for Chicago Hawks : RHP Carlos Garza
Pitching: RHP Matt Digby
Batting: LHB Qi-zhen Loong 0-0: Ball
1-0: Ball
2-0: Fly out, F9 (Flyball, 9)
Batting: RHB Rodrigo Lugo 0-0: Foul Ball, location: 2F
0-1: Fly out, F8 (Flyball, 8LD)
Batting: SHB Carlos Rodríguez 0-0: Called Strike
0-1: Ball
1-1: Swinging Strike
1-2: Ball
2-2: SINGLE (Flyball, 8LS)
Pinch Runner at 1st Jesús Amador:
Batting: RHB Reece Cockin 0-0: Called Strike
Jesús Amador steals 2nd base
0-1: Ball
1-1: Ball
2-1: Ground out 6-3 (Groundball, 6)
Top of the 9th over - 0 runs, 1 hit, 0 errors, 1 left on base; Greenville 0 - Chicago 1
Tuesday, June 12th, 2018 - OOTP Baseball 18.8 Build 76